 Dungeon Crawl Stone Soup version 0.16.1-18-g436b03c (webtiles) character file.

740041 hemol the Conqueror (level 27, -2/297 (300) HPs)
             Began as a Minotaur Fighter on May 5, 2015.
             Was the Champion of the Shining One.
             Slain by a death cob (9 damage)
             ... on level 4 of the Realm of Zot on May 8, 2015.
             The game lasted 14:46:31 (70750 turns).

hemol the Conqueror (Minotaur Fighter)             Turns: 70750, Time: 14:46:31

HP:   -2/297 (300)  AC: 40    Str: 23 (26) XL:     27
MP:   38/38         EV: 19    Int:  3      God:    the Shining One [******]
Gold: 9556          SH: 38    Dex: 15 (18) Spells: 0 memorised, 26 levels left

rFire  + + .     SeeInvis .     a - +9 eveningstar (freeze)
rCold  + + +     Clarity  .     D - +6 plate armour of Weightlessness {rPois rF+ Regen+ rCorr Dex-5}
rNeg   + + +     SustAb   .     F - +0 large shield
rPois  +         Gourm    .     (helmet unavailable)
rElec  +         Spirit   .     m - +2 cloak {MR+}
rCorr  +         Warding  .     Z - +1 pair of gloves of the Ant {rElec rC+ Str-2 Dex+3}
rMut   .         Stasis   +     r - +2 pair of boots {run}
MR     +++..     NoCast   +     S - amulet of stasis (curse)
Stlth  ..........               M - ring "Daschu" {rC+ Str-2 Dex+6}
                                L - ring "Sieraah" {-Cast rF+ rC+ Slay+3}

@: divine shield, glowing, constricted, quick, extremely resistant to hostile
enchantments, extremely unstealthy
A: retaliatory headbutt, claws 2, fangs 1, horns 3, slimy green scales 1,
deterioration 1, dopey 1, robust 1, forlorn
a: Divine Shield, Cleansing Flame, Summon Divine Warrior, Renounce Religion
}: 3/15 runes: decaying, golden, gossamer


You were on level 4 of the Realm of Zot.
You worshipped the Shining One.
The Shining One was exalted by your worship.
You were hungry.

You visited 12 branches of the dungeon, and saw 60 of its levels.
You also visited: Trove.

You collected 11168 gold pieces.
You spent 1582 gold pieces at shops.

Inventory:

Hand weapons
 a - a +9 eveningstar of freezing (weapon)
 Y - a +3 eveningstar of holy wrath
Armour
 h - a +2 gold dragon armour
 m - a +2 cloak of magic resistance (worn)
 r - a +2 pair of boots of running (worn)
 D - the +6 plate armour of Weightlessness (worn) {rPois rF+ Regen+ rCorr Dex-5}
   (You found it on level 1 of the Vaults)

   It affects your dexterity (-5).
   It protects you from fire.
   It protects you from poison.
   It increases your rate of regeneration.
   It protects you from acid and corrosion.
 F - a +0 large shield (worn)
 Z - the +1 pair of gloves of the Ant (worn) {rElec rC+ Str-2 Dex+3}
   (You found it on level 1 of the Swamp)

   It affects your strength (-2).
   It affects your dexterity (+3).
   It protects you from cold.
   It insulates you from electricity.
Jewellery
 s - an uncursed amulet of clarity
 A - the amulet "Oshouteg" {rMut MP+9}
   (You found it on level 1 of the Depths)

   [amulet of resist mutation]

   It protects you from mutation.
   It affects your magic capacity (+9).
 H - a cursed ring of sustain abilities
 L - a ring "Sieraah" (left hand) {-Cast rF+ rC+ Slay+3}
   (You found it on level 3 of the Tomb of the Ancients)

   [ring of protection from fire]

   It affects your accuracy and damage with ranged weapons and melee attacks
   (+3).
   It protects you from fire.
   It protects you from cold.
   It prevents spellcasting.
 M - the ring "Daschu" (right hand) {rC+ Str-2 Dex+6}
   (You found it on level 3 of the Tomb of the Ancients)

   [ring of protection from cold]

   It affects your strength (-2).
   It affects your dexterity (+6).
   It protects you from cold.
 N - an uncursed ring of protection from magic
 O - an uncursed ring of see invisible
 S - a cursed amulet of stasis (around neck)
Magical devices
 b - a wand of disintegration (6)
 t - a wand of heal wounds (0)
 E - a wand of teleportation (2)
 T - a wand of digging (19)
Scrolls
 i - 14 scrolls of teleportation
 n - 36 scrolls of remove curse
 o - 11 scrolls of fear
 u - 2 scrolls of silence
 v - 4 scrolls of blinking
 y - 4 scrolls of magic mapping
 z - 17 scrolls of identify
 G - 6 scrolls of recharging
 U - 9 scrolls of summoning
Potions
 e - 2 potions of cancellation
 f - 8 potions of flight
 j - 8 potions of might
 l - 4 potions of haste
 p - 2 potions of agility
 B - 9 potions of restore abilities
 I - 7 potions of magic
 J - 7 potions of curing
 K - 4 potions of resistance
 P - 4 potions of heal wounds
 W - 4 potions of cure mutation
 X - 2 potions of berserk rage
Miscellaneous
 c - an ornate deck of wonders {drawn: 1}
 g - a plain deck of summoning {the Elements, drawn: 6}
 q - a plain deck of changes {drawn: 2}
 C - a lamp of fire
 R - an ornate deck of defence {the Helm, drawn: 2}
Comestibles
 d - 27 bread rations
 k - 30 beef jerkies
 w - a slice of pizza
 x - 23 meat rations
 V - 3 fruits


   Skills:
 O Level 27 Fighting
 + Level 24.4 Maces & Flails
   Level 11.4 Polearms
 + Level 24.1 Armour
 + Level 20.4 Dodging
 * Level 26.7 Shields
 * Level 17.9 Invocations
 + Level 10.8 Evocations


You had 26 spell levels left.
You didn't know any spells.

Dungeon Overview and Level Annotations

Branches:
Dungeon (15/15)            Temple (1/1) D:7            Lair (8/8) D:10
  Swamp (5/5) Lair:4       Spider (5/5) Lair:4        Slime (0/6) Lair:6
    Orc (4/4) D:11            Elf (3/3) Orc:3        Vaults (4/5) D:13
  Crypt (3/3) Vaults:3       Tomb (3/3) Crypt:3      Depths (5/5) D:15
    Zot (4/5) Depths:5

Altars:
Ashenzari
Cheibriados
Dithmenos
Elyvilon
Fedhas
Gozag
Kikubaaqudgha
Makhleb
Nemelex Xobeh
Okawaru
Qazlal
Ru
Sif Muna
Trog
Vehumet
Xom
Yredelemnul
Zin
The Shining One
Beogh
Lugonu

Shops:
D:6 *   D:7 (   D:10 (   D:11 :   D:12 *   D:15 *   Orc:4 %[([:   Vaults:4 (

Portals:
Hell: Depths:1 Depths:2 Depths:3 Depths:4 Depths:5
Abyss: Depths:1 Depths:4
Pandemonium: Depths:3
Ziggurat: Depths:2

Annotations:
D:15 Azrael


Innate Abilities, Weirdness & Mutations

You reflexively headbutt those who attack you in melee.
You have a pair of large horns on your head.
You have very sharp fingernails.
You have very sharp teeth.
You are partially covered in slimy green scales (AC +2).
Your body is slowly deteriorating.
You are dopey. (Int -2)
You are robust (+10% HP).
You have difficulty communicating with the divine.


Message History

The death cob completely misses you. The white draconian monk hits you!!!
* * * LOW HITPOINT WARNING * * *
The white draconian monk closely misses you. x2
Your angel barely misses the black draconian.
Your angel hits the black draconian with a whip of holy wrath!
The black draconian hits your angel with a long sword!!
The yellow draconian closely misses you.
You block the moth of wrath's attack.
Your worldbinder hits the pale draconian.
Your worldbinder hits the pale draconian but does no damage.
Your worldbinder hits the moth of wrath. x2
Your worldbinder hits the moth of wrath! x2
The tentacled monstrosity tentacle-slaps you but does no damage.
You block the tentacled monstrosity's attack. x2
The tentacled monstrosity constricts you.
The white draconian monk hits you but does no damage.
The white draconian monk barely misses you.
You block the white draconian monk's attack.
The death cob hits you!
You die...

#......# .....
#...#....###.....
.####
.###......#.....
....#.
##...##........
.......###....#
.......
.......x.....##
#......
.....dAd.x..##
.....
......dd%yx###
.... .....#q@###
... # ##dX# #^..#
#..... .......
..[..... .......
....... ...


You could see a tentacled monstrosity, a white draconian monk (berserk), a black
draconian (berserk), 2 draconians, a red draconian, a pale draconian (berserk),
a death cob, a moth of wrath, a friendly angel and 3 friendly worldbinders.

Vanquished Creatures
  3 ancient liches (Tomb:2)
  36 greater mummies
  Boris (Crypt:2)
  Sojobo (Tomb:3)
  6 caustic shrikes
  the Lernaean hydra (Swamp:5)
  Margery (Depths:4)
  2 curse toes
  4 Killer Klowns
  8 golden dragons
  2 profane servitors (Crypt:3)
  Jory (Depths:5)
  A bone dragon (Zot:1)
  Frederick (Crypt:3)
  Nikola (Vaults:3)
  15 tentacled monstrosities
  2 titans (Zot:1)
  7 liches
  Asterion (Spider:3)
  A titan (shapeshifter) (Depths:5)
  2 acid blobs (Zot:2)
  2 deep elf master archers (Elf:3)
  2 deep elf blademasters (Elf:3)
  A spellforged servitor (Crypt:3)
  An octopode crusher (Depths:1)
  Rupert (Lair:4)
  Agnes (Vaults:2)
  2 thorn hunters
  7 sphinxes
  15 ancient champions
  11 tengu reavers
  7 shadow dragons
  Frances (Vaults:2)
  20 storm dragons
  Roxanne (Spider:3)
  3 draconian monks
  4 revenants
  19 frost giants
  14 fire giants
  Donald (Spider:1)
  An orc warlord (Orc:4)
  6 iron dragons
  A vault warden (Vaults:1)
  Aizul (Depths:2)
  9 draconian knights
  10 deep elf sorcerers
  2 draconian scorchers (Zot:2)
  A curse skull (Crypt:3)
  10 ghost moths
  4 draconian zealots
  12 emperor scorpions
  2 draconian shifters (Zot:3)
  Jorgrun (Depths:2)
  5 reapers
  A draconian annihilator (Zot:2)
  2 spriggan defenders (Vaults:2)
  13 ghouls
  12 ironheart preservers
  A caustic shrike skeleton (Crypt:3)
  8 green draconians
  26 stone giants
  A large abomination (Vaults:4)
  17 very ugly things
  6 grey draconians
  3 draconian callers (Zot:2)
  6 vampire knights
  10 purple draconians
  A war gargoyle (Vaults:3)
  12 bennus
  8 black draconians
  17 yellow draconians
  11 white draconians
  7 pale draconians
  A Killer Klown skeleton (Crypt:1)
  2 dire elephants
  11 deep elf demonologists
  6 red draconians
  11 deep elf annihilators
  6 mottled draconians
  5 eidola
  9 deep elf death magi
  3 unborn
  An ettin (shapeshifter) (Vaults:4)
  Snorg (Spider:4)
  A blizzard demon (Elf:3)
  15 ettins
  2 merfolk impalers (Depths:3)
  A minotaur (shapeshifter) (Vaults:3)
  6 minotaurs
  30 fire dragons
  A vault guard (Vaults:1)
  7 deep elf high priests
  23 mummy priests
  10 jiangshi
  A very ugly thing skeleton (Depths:4)
  10 great orbs of eyes
  Fannar (Lair:4)
  11 ogre magi
  5 death cobs
  15 yaktaur captains
  21 ice dragons
  2 catoblepae
  22 hydras
  Nessos (D:12)
  A quicksilver dragon skeleton (Tomb:1)
  5 spriggan air magi
  16 deep troll earth magi
  Erica (Lair:3)
  2 ghost crabs
  16 dancing weapons
  5 alligators
  2 centaur warriors (Depths:1)
  10 deep troll shamans
  The ghost of Ierbamatei the Blocker, a powerful GrFi of Elyvilon (D:11)
  6 vampire magi
  4 death knights (Crypt:2)
  17 death yaks
  6 spriggan berserkers
  9 tengu warriors
  13 hell knights
  A sun demon (Elf:3)
  10 iron trolls
  An orc high priest (Orc:4)
  A titan skeleton (Crypt:3)
  Nergalle (D:12)
  2 storm dragon zombies
  10 soul eaters
  4 unseen horrors
  26 deep elf knights
  36 deep trolls
  4 wizards
  2 ghost moth zombies (Tomb:2)
  4 giant orange brains
  A salamander mystic (Depths:3)
  12 swamp dragons
  30 skeletal warriors
  2 shadow wraiths
  49 death scarabs
  2 anaconda skeletons
  23 deep elf summoners
  A shambling mangrove (Swamp:4)
  8 hill giants
  19 deep elf conjurers
  Pikel (D:6)
  9 flayed ghosts
  The ghost of illithid the Nimble, an experienced OpVM of Sif Muna (D:7)
  10 orc knights
  2 wolf spider zombies
  7 necromancers
  A water nymph (shapeshifter) (Vaults:1)
  24 anubis guards
  A cyclops (shapeshifter) (Depths:4)
  A lindwurm (Lair:7)
  10 griffons
  An iron dragon zombie (Tomb:2)
  A deathcap (Zot:1)
  26 wolf spiders
  15 orb spiders
  2 harpies (shapeshifter)
  A death scarab zombie (Tomb:1)
  A draconian zombie (Zot:2)
  3 fire giant zombies
  13 phantasmal warriors
  12 ironbrand convokers
  3 oklob plants
  A shadow dragon skeleton (Tomb:3)
  5 salamanders (Depths:3)
  60 ugly things
  9 hornets
  16 harpies
  2 sixfirhies
  23 moths of wrath
  4 manticores
  A stone giant skeleton (Crypt:3)
  A hornet (shapeshifter) (Vaults:2)
  3 cyclopes
  A black mamba (shapeshifter) (Depths:5)
  An eye of devastation (Lair:6)
  3 elephants (Lair:8)
  Maurice (D:9)
  An octopode (shapeshifter) (Depths:1)
  A torpor snail (Depths:3)
  A purple draconian zombie (Zot:2)
  4 vault sentinels
  5 rust devils
  6 black mambas
  20 spiny frogs
  4 efreet
  An orange demon (Elf:3)
  A dire elephant skeleton (Crypt:3)
  3 gargoyles
  A yellow draconian zombie (Zot:2)
  49 yaktaurs
  A shock serpent skeleton (Crypt:3)
  2 mottled draconian zombies
  20 demonic crawlers
  10 freezing wraiths
  42 guardian mummies
  2 kobold demonologists (Vaults:1)
  10 komodo dragons
  22 deep elf priests
  6 trolls
  2 elves (shapeshifter)
  2 trolls (shapeshifter)
  A purple draconian skeleton (Crypt:1)
  A red devil (Elf:3)
  3 silent spectres
  3 tengu conjurers
  A mottled draconian skeleton (Crypt:3)
  A sea snake skeleton (Crypt:1)
  A hydra zombie (Crypt:3)
  A hellwing (Elf:3)
  Sonja (D:14)
  8 polar bears (Lair:8)
  2 moth of wrath zombies
  3 wind drakes (shapeshifter)
  A queen bee (D:10)
  Grinder (D:4)
  11 bog bodies
  Prince Ribbit (D:4)
  2 raiju (Lair:8)
  A two-headed ogre (shapeshifter) (Depths:2)
  25 blink frogs
  A hydra skeleton (Tomb:1)
  26 jumping spiders
  4 fire drakes
  43 slime creatures
  4 giant leeches
  17 two-headed ogres
  22 ushabtiu
  2 air elementals (Tomb:3)
  A raven (shapeshifter) (Vaults:1)
  11 boulder beetles
  16 ravens
  A boulder beetle (shapeshifter) (Depths:5)
  2 ettin zombies (Crypt:3)
  2 ynoxinuls (Elf:3)
  6 basilisks
  21 flying skulls
  61 redbacks
  7 water elementals
  An ettin skeleton (Crypt:3)
  27 trapdoor spiders
  34 deep elf magi
  2 golden eyes (shapeshifter) (D:13)
  58 yaks
  7 spriggans
  A tarantella (shapeshifter) (Depths:1)
  13 vampires
  A human (shapeshifter) (Vaults:4)
  10 wraiths
  29 tarantellas
  A neqoxec (Depths:5)
  16 shadows
  11 hippogriffs
  31 wolves
  4 wyverns
  A black mamba skeleton (Tomb:1)
  30 deep elf fighters
  3 chaos spawn
  24 vampire mosquitoes
  2 soldier ants
  6 hungry ghosts
  2 hydra simulacra (Crypt:3)
  2 raven zombies (Depths:3)
  19 insubstantial wisps
  28 swamp worms
  A tengu zombie (Depths:3)
  3 mottled dragons
  3 hell hounds (Lair:8)
  26 wargs
  A harpy simulacrum (Tomb:1)
  A water moccasin (shapeshifter) (D:13)
  2 sky beasts
  14 porcupines
  30 spiders
  20 water moccasins
  14 swamp drakes
  9 wasps
  2 ice beasts
  2 phantoms (D:13)
  13 black bears
  The ghost of abir the Skirmisher, an average HOAK of Lugonu (D:3)
  An eye of draining (Lair:6)
  A manticore zombie (Crypt:1)
  42 ogres
  48 orc warriors
  5 necrophages
  2 boring beetles
  A lost soul (Elf:3)
  19 boggarts
  2 snapping turtle zombies
  A blink frog skeleton (Crypt:2)
  A hog skeleton (Crypt:3)
  2 centaurs (D:8)
  15 crocodiles
  A spectral human (Tomb:1)
  An octopode zombie (Crypt:1)
  4 brain worms (Spider:5)
  2 dryad skeletons
  A monstrous demonspawn simulacrum (Tomb:1)
  17 giant frogs
  A gnoll sergeant (D:8)
  A water moccasin zombie (D:9)
  An elf skeleton (Crypt:1)
  A polar bear zombie (Crypt:1)
  4 scorpions
  A snapping turtle simulacrum (Crypt:1)
  19 wights
  A wolf zombie (Crypt:2)
  18 killer bees
  3 crimson imps
  3 goliath beetles
  9 electric eels
  23 jellies
  3 centaur zombies
  2 quasits
  A giant frog zombie (D:9)
  6 centaur skeletons
  A black bear zombie (Crypt:2)
  22 hounds
  Crazy Yiuf (D:3)
  A demonspawn zombie (Crypt:2)
  2 gnoll shamans (D:6)
  3 human zombies
  2 giant frog skeletons
  39 orc priests
  An iron imp (Depths:1)
  4 human skeletons
  4 worker ants
  41 orc wizards
  12 iguanas
  A black bear skeleton (Crypt:2)
  6 hell rats
  A killer bee zombie (D:11)
  A mottled dragon zombie (Crypt:1)
  Ijyb (D:2)
  Jessica (D:2)
  42 sheep
  A felid skeleton (Crypt:1)
  A hound skeleton (D:9)
  70 mummies
  2 worker ant zombies (D:11)
  45 gnolls
  32 river rats
  4 shadow imps
  A giant mite (D:3)
  A white imp (Vaults:1)
  28 adders
  2 ufetubi
  2 worms
  An adder zombie (D:6)
  An adder skeleton (D:4)
  A lava snake skeleton (Crypt:1)
  6 giant geckos
  184 orcs
  18 bats
  2 bat skeletons
  7 giant cockroaches
  12 hobgoblins
  26 jackals
  10 quokkas
  3 ball pythons
  A ball python zombie (Crypt:2)
  4 giant newts
  A giant spore (D:6)
  26 goblins
  13 kobolds
  An orc skeleton (Crypt:2)
  An orc zombie (Crypt:2)
  15 rats
  13 ballistomycetes
  A crawling corpse (Elf:3)
  4 fungi
  5 plants
3347 creatures vanquished.

Vanquished Creatures (collateral kills)
  A lich (Crypt:3)
  An emperor scorpion (Depths:1)
  A ghoul (Crypt:3)
  An ettin (Depths:2)
  2 jiangshi (Crypt:3)
  A very ugly thing zombie (Depths:4)
  A deep elf death mage (Crypt:3)
  A centaur warrior (Depths:2)
  2 vampire magi (Crypt:3)
  A deep troll earth mage (Depths:2)
  A shadow wraith (Tomb:1)
  4 skeletal warriors (Crypt:3)
  A swamp dragon (Swamp:5)
  A necromancer (Crypt:3)
  An orb spider (Spider:3)
  An elf zombie (Crypt:3)
  A guardian mummy (Tomb:2)
  2 yaktaurs (Swamp:5)
  2 freezing wraiths
  A raven (Spider:3)
  A flying skull (Crypt:3)
  A trapdoor spider (Spider:5)
  A shadow (Tomb:2)
  A tarantella (Spider:5)
  A hungry ghost (Tomb:3)
  A swamp worm (Swamp:5)
  A vampire mosquito (Swamp:5)
  A swamp drake (Swamp:5)
  2 spiders (Spider:3)
  A raiju skeleton (Crypt:3)
  3 river rats (Lair:3)
  A crawling corpse (Elf:3)
42 creatures vanquished.

Vanquished Creatures (others)
  A fire giant (Depths:5)
  A daeva (Depths:4)
  2 draconian scorchers
  An angel (Depths:2)
  A draconian zealot (Zot:2)
  A draconian annihilator (Zot:3)
  A deep elf high priest (Elf:3)
  A quicksilver dragon skeleton (Tomb:2)
  A death scarab (Tomb:2)
  An anubis guard (Tomb:2)
  An ugly thing (Depths:1)
  A komodo dragon (Lair:3)
  A guardian mummy (Tomb:2)
  A harpy zombie (D:15)
  A basilisk (Tomb:2)
  4 ravens
  An alligator zombie (Tomb:2)
  A fire dragon zombie (Zot:2)
  9 flying skulls
  A black mamba skeleton (Tomb:3)
  A wolf (Lair:8)
  A merfolk skeleton (Tomb:3)
  A black mamba simulacrum (Tomb:2)
  12 lost souls
  A human zombie (Tomb:2)
  8 mummies
  An orc (Vaults:3)
  A jackal (D:6)
  3 giant spores
  A briar patch (Swamp:5)
  4 fungi
  3 plants
  7 toadstools (Swamp:1)
76 creatures vanquished.

Grand Total: 3465 creatures vanquished

Notes
Turn   | Place    | Note
--------------------------------------------------------------
     0 | D:1      | hemol, the Minotaur Fighter, began the quest for the Orb.
     0 | D:1      | Reached XP level 1. HP: 19/19 MP: 1/1
   130 | D:1      | Reached XP level 2. HP: 13/27 MP: 1/1
   158 | D:1      | Reached skill level 4 in Shields
   256 | D:1      | You fall through a shaft!
   473 | D:2      | Reached XP level 3. HP: 26/33 MP: 2/2
   545 | D:2      | Noticed Jessica
   557 | D:2      | Killed Jessica
  1220 | D:2      | Reached XP level 4. HP: 39/41 MP: 2/2
  1478 | D:2      | Noticed Ijyb
  1504 | D:2      | Killed Ijyb
  1721 | D:3      | Noticed Crazy Yiuf
  1728 | D:3      | Killed Crazy Yiuf
  2001 | D:3      | Reached XP level 5. HP: 47/47 MP: 2/2
  2003 | D:3      | Found a shadowy altar of Dithmenos.
  2043 | D:3      | Noticed abir's ghost (average HOAK)
  2051 | D:3      | Killed abir's ghost
  2051 | D:3      | Reached skill level 5 in Fighting
  2051 | D:3      | Reached skill level 5 in Maces & Flails
  2051 | D:3      | Reached skill level 5 in Armour
  2150 | D:3      | Reached XP level 6. HP: 56/56 MP: 3/3
  2566 | D:4      | Noticed Prince Ribbit
  2922 | D:4      | Reached skill level 6 in Maces & Flails
  2931 | D:4      | Killed Prince Ribbit
  2931 | D:4      | Reached XP level 7. HP: 55/62 MP: 3/3
  2978 | D:4      | Reached skill level 7 in Maces & Flails
  3150 | D:4      | Got a pitted spear
  3151 | D:4      | Identified the +6 spear of Vyifug {elec, -Cast +Fly Str+5 Int+4} (You found it on level 4 of the Dungeon)
  3190 | D:4      | Reached skill level 1 in Polearms
  3258 | D:4      | Noticed Grinder
  3262 | D:4      | Killed Grinder
  3296 | D:4      | Reached XP level 8. HP: 71/71 MP: 3/3
  3487 | D:5      | Entered Level 5 of the Dungeon
  4119 | D:6      | Reached skill level 5 in Polearms
  4290 | D:6      | Found a shimmering altar of Xom.
  4607 | D:6      | Reached XP level 9. HP: 75/81 MP: 4/4
  4883 | D:6      | Reached skill level 8 in Fighting
  4931 | D:6      | Found Braucsue's Assorted Antiques.
  5025 | D:6      | Noticed Pikel
  5031 | D:6      | Killed Pikel
  5323 | D:7      | Found Xaehas' Weapon Shop.
  5486 | D:7      | Found a staircase to the Ecumenical Temple.
  5497 | Temple   | Entered the Ecumenical Temple
  5534 | Temple   | Became a worshipper of the Shining One
  5788 | D:7      | Noticed illithid's ghost (experienced OpVM)
  6186 | D:8      | Reached skill level 9 in Fighting
  6706 | D:9      | Noticed Maurice
  6718 | D:9      | Acquired the Shining One's first power
  6720 | D:9      | Reached XP level 10. HP: 74/91 MP: 4/4
  6729 | D:9      | Killed Maurice
  6729 | D:9      | Reached skill level 10 in Polearms
  7163 | D:10     | Entered Level 10 of the Dungeon
  7225 | D:10     | Found a staircase to the Lair.
  7249 | D:10     | Reached skill level 1 in Invocations
  7300 | D:10     | Reached skill level 10 in Fighting
  7309 | D:10     | Reached skill level 10 in Armour
  7317 | D:10     | Reached skill level 11 in Polearms
  7426 | D:10     | Found Kaatad's Weapon Emporium.
  7529 | D:10     | Acquired the Shining One's second power
  7729 | D:10     | Found a portal to a secret trove of treasure.
  7733 | Trove    | Entered a treasure trove
  7780 | Trove    | Got a twisted morningstar
  7785 | Trove    | Got a crystal trident
  7801 | Trove    | Identified the +6 morningstar of the Fool {pain, Dex+3} (You found it in a treasure trove)
  7804 | Trove    | Identified the +6 trident of the Fray {flame, rC+} (You found it in a treasure trove)
  7973 | Lair:1   | Entered Level 1 of the Lair of Beasts
  7973 | Lair:1   | Noticed a black mamba
  7981 | Lair:1   | Killed a black mamba
  8433 | Lair:1   | Reached skill level 5 in Shields
  8433 | Lair:1   | Reached XP level 11. HP: 101/101 MP: 7/7
  9758 | D:7      | Killed illithid's ghost
  9820 | D:6      | Bought a scroll labeled THUTHO ROHEREM for 25 gold pieces
  9820 | D:6      | Bought a scroll labeled PUUMPO PUFFARPH for 25 gold pieces
  9820 | D:6      | Bought a distressingly furry plate armour for 700 gold pieces
  9830 | D:6      | Identified the cursed -3 plate armour "Giurax" {rN+ Str+3 Dex+2} (You bought it in a shop on level 6 of the Dungeon)
 10077 | Lair:2   | Reached skill level 10 in Maces & Flails
 11009 | Lair:3   | Noticed Erica
 11020 | Lair:3   | Killed Erica
 11204 | Lair:3   | Reached XP level 12. HP: 96/112 MP: 9/9
 11378 | Lair:3   | Reached skill level 12 in Fighting
 12042 | Lair:4   | Found a staircase to the Swamp.
 12076 | Lair:4   | Noticed Fannar
 12100 | Lair:4   | Killed Fannar
 12484 | Lair:4   | Noticed Rupert
 12495 | Lair:4   | Paralysed by Rupert for 5 turns
 12834 | Lair:4   | Killed Rupert
 13075 | Lair:4   | Found a hole to the Spider Nest.
 13086 | Lair:4   | Reached skill level 13 in Maces & Flails
 13287 | Lair:5   | Gained mutation: Your body is slowly deteriorating. [potion of mutation]
 13287 | Lair:5   | Gained mutation: You are robust (+10% HP). [potion of mutation]
 13287 | Lair:5   | Gained mutation: You have sharp fingernails. [potion of mutation]
 13288 | Lair:5   | Gained mutation: You have very sharp teeth. [potion of mutation]
 13288 | Lair:5   | Gained mutation: You have difficulty communicating with the divine. [potion of mutation]
 13289 | Lair:5   | Gained mutation: You have very sharp fingernails. [potion of beneficial mutation]
 13562 | Lair:5   | Noticed a catoblepas
 13574 | Lair:5   | Killed a catoblepas
 13747 | Lair:6   | Noticed a seven-headed hydra
 13757 | Lair:6   | Killed a seven-headed hydra
 13758 | Lair:6   | Reached XP level 13. HP: 114/130 MP: 9/9
 13929 | Lair:6   | Found a staircase to the Slime Pits.
 14546 | Lair:7   | Reached skill level 14 in Maces & Flails
 14918 | Lair:7   | Reached skill level 10 in Shields
 15224 | Lair:8   | Entered Level 8 of the Lair of Beasts
 16333 | Lair:8   | Reached XP level 14. HP: 143/143 MP: 14/15
 16670 | Lair:8   | Reached skill level 5 in Invocations
 16680 | Lair:8   | Reached skill level 15 in Maces & Flails
 17595 | D:11     | Noticed Ierbamatei's ghost (powerful GrFi)
 17609 | D:11     | Killed Ierbamatei's ghost
 17628 | D:11     | Found Bipotzei's Book Emporium.
 18069 | D:11     | Got a bloodstained leather armour
 18080 | D:11     | Identified the +1 leather armour of the Special Realms {rCorr SInv} (You found it on level 11 of the Dungeon)
 18163 | D:11     | Acquired the Shining One's third power
 18196 | D:11     | Found a staircase to the Orcish Mines.
 18401 | Orc:1    | Entered Level 1 of the Orcish Mines
 18807 | Orc:2    | Found a bloodstained altar of Trog.
 19272 | Orc:3    | Found a roughly hewn altar of Beogh.
 20068 | Orc:3    | Found a staircase to the Elven Halls.
 20138 | Orc:4    | Entered Level 4 of the Orcish Mines
 20222 | Orc:4    | Noticed an orc warlord
 20249 | Orc:4    | Killed an orc warlord
 20325 | Orc:4    | Found a roughly hewn altar of Beogh.
 20325 | Orc:4    | Found Efec's Antique Armour Boutique.
 20339 | Orc:4    | Found Ediraluz's Antique Weapon Shop.
 20349 | Orc:4    | Bought an embroidered cloak for 81 gold pieces
 20430 | Orc:4    | Found a roughly hewn altar of Beogh.
 20430 | Orc:4    | Found Xenahobe's Book Emporium.
 20433 | Orc:4    | Reached skill level 15 in Fighting
 20718 | Orc:4    | Found Xathaax's Food Emporium.
 20809 | Orc:4    | Found a roughly hewn altar of Beogh.
 20836 | Orc:4    | Found a roughly hewn altar of Beogh.
 20904 | Orc:4    | Found a roughly hewn altar of Beogh.
 20921 | Orc:4    | Acquired the Shining One's fourth power
 20933 | Orc:4    | Found a roughly hewn altar of Beogh.
 20949 | Orc:4    | Found Ytanu's Armour Boutique.
 20954 | Orc:4    | Bought a +1 pair of gloves for 149 gold pieces
 21794 | D:12     | Noticed Nergalle
 21803 | D:12     | Killed Nergalle
 22094 | D:12     | Found Gronis' General Store.
 22109 | D:12     | Bought a scroll of identify for 30 gold pieces
 22109 | D:12     | Bought a scroll of holy word for 112 gold pieces
 22109 | D:12     | Bought a potion of might for 60 gold pieces
 22166 | D:12     | Noticed Nessos
 22179 | D:12     | Killed Nessos
 22338 | D:12     | Reached XP level 15. HP: 126/155 MP: 21/21
 22677 | D:13     | Gained mutation: You have a pair of large horns on your head. [potion of beneficial mutation]
 22767 | D:13     | Reached skill level 1 in Dodging
 22767 | D:13     | Reached skill level 1 in Evocations
 22834 | D:13     | Noticed a tengu reaver
 22858 | D:13     | Killed a tengu reaver
 23230 | D:13     | Found a gate to the Vaults.
 23337 | D:13     | Reached skill level 16 in Maces & Flails
 23689 | D:14     | Noticed Sonja
 23699 | D:14     | Killed Sonja
 23839 | D:15     | Entered Level 15 of the Dungeon
 24268 | D:15     | Noticed Azrael
 24282 | D:15     | Found a staircase to the Depths.
 24738 | D:15     | Found Gyomoakh's Blood Bar.
 25468 | Elf:1    | Entered Level 1 of the Elven Halls
 25686 | Elf:1    | Reached skill level 15 in Armour
 25713 | Elf:1    | Reached XP level 16. HP: 167/167 MP: 23/23
 26313 | Elf:2    | Found a runed gate.
 26314 | Elf:2    | Found a runed gate.
 26315 | Elf:2    | Found a runed gate.
 26364 | Elf:2    | Reached skill level 5 in Dodging
 26728 | Elf:2    | Reached skill level 17 in Fighting
 28305 | Lair:4   | Reached skill level 5 in Evocations
 28421 | Swamp:1  | Entered Level 1 of the Swamp
 28645 | Swamp:1  | Got a pair of heavily runed gloves
 28656 | Swamp:1  | Identified the +1 pair of gloves of the Ant {rElec rC+ Str-2 Dex+3} (You found it on level 1 of the Swamp)
 29726 | Swamp:2  | Reached XP level 17. HP: 158/179 MP: 25/25
 29847 | Swamp:2  | Reached skill level 18 in Fighting
 31940 | Swamp:5  | Entered Level 5 of the Swamp
 32556 | Swamp:5  | Noticed the 27-headed Lernaean hydra
 32567 | Swamp:5  | Killed the 27-headed Lernaean hydra
 32567 | Swamp:5  | Reached skill level 10 in Invocations
 32912 | Swamp:5  | Got a decaying rune of Zot
 33220 | Spider:1 | Entered Level 1 of the Spider Nest
 33719 | Spider:1 | Noticed Donald
 33733 | Spider:1 | Killed Donald
 33977 | Spider:2 | Reached skill level 19 in Fighting
 34681 | Spider:3 | Reached XP level 18. HP: 169/193 MP: 28/28
 34736 | Spider:3 | Noticed Asterion
 34783 | Spider:3 | Killed Asterion
 34992 | Spider:3 | Noticed Roxanne
 35303 | Spider:4 | Noticed Snorg
 35309 | Spider:4 | Killed Snorg
 35689 | Spider:5 | Entered Level 5 of the Spider Nest
 37368 | Spider:5 | Reached skill level 20 in Fighting
 37523 | Spider:5 | Got a gossamer rune of Zot
 37809 | Spider:3 | Killed Roxanne
 38206 | Elf:3    | Entered Level 3 of the Elven Halls
 38746 | Elf:3    | Noticed a Brimstone Fiend
 38971 | Elf:3    | Reached XP level 19. HP: 120/205 MP: 29/29
 39137 | Elf:3    | Reached skill level 10 in Dodging
 39469 | Elf:3    | Got a fine ivory ring
 39471 | Elf:3    | Identified the ring of Tahaissu {+cTele rElec Int+3} (You took it off a deep elf sorcerer on level 3 of the Elven Halls)
 39782 | Elf:3    | Reached skill level 21 in Fighting
 40952 | Vaults:1 | Entered Level 1 of the Vaults
 41258 | Vaults:1 | Got a slimy plate armour
 41269 | Vaults:1 | Identified the +6 plate armour of Weightlessness {rPois rF+ Regen+ rCorr Dex-5} (You found it on level 1 of the Vaults)
 41696 | Vaults:1 | Reached skill level 15 in Shields
 42401 | Vaults:1 | Reached XP level 20. HP: 104/218 MP: 30/30
 42855 | Vaults:2 | Noticed Frances
 42868 | Vaults:2 | Noticed Agnes
 42889 | Vaults:2 | Killed Frances
 42896 | Vaults:2 | Killed Agnes
 43212 | Vaults:2 | Reached skill level 22 in Fighting
 44047 | Vaults:3 | Noticed Nikola
 44070 | Vaults:3 | Killed Nikola
 44167 | Vaults:3 | Found a staircase to the Crypt.
 45328 | Vaults:4 | Found Braoz's Weapon Shoppe.
 45473 | Vaults:4 | Reached XP level 21. HP: 224/228 MP: 31/31
 45865 | Vaults:4 | Reached skill level 23 in Fighting
 46675 | Crypt:1  | Entered Level 1 of the Crypt
 47286 | Crypt:1  | Found an ancient bone altar of Kikubaaqudgha.
 48076 | Crypt:2  | Paralysed by a vampire knight for 6 turns
 48397 | Crypt:2  | Noticed Boris
 48436 | Crypt:2  | Killed Boris
 48818 | Crypt:3  | Entered Level 3 of the Crypt
 48821 | Crypt:3  | Noticed Frederick
 48850 | Crypt:3  | The Shining One protects you from harm!
 48852 | Crypt:3  | The Shining One protects you from harm!
 48867 | Crypt:3  | Killed Frederick
 49451 | Temple   | Identified a +3 eveningstar of holy wrath (a +1 eveningstar of protection blessed by the Shining One)
 49535 | D:6      | Bought a potion of might for 100 gold pieces
 49535 | D:6      | Bought a potion of curing for 75 gold pieces
 49535 | D:6      | Bought a transparent ring mail for 225 gold pieces
 49572 | D:6      | Identified the -1 ring mail of Quantum Leap {rElec rC+ rN++ Int-5 Stlth-} (You bought it in a shop on level 6 of the Dungeon)
 49572 | D:6      | Lost intelligence.
 50219 | Crypt:3  | Found a staircase to the Tomb.
 50266 | Crypt:3  | Reached XP level 22. HP: 230/230 MP: 32/32
 50348 | Crypt:3  | Reached skill level 24 in Fighting
 50363 | Crypt:3  | Found a basalt altar of Yredelemnul.
 50363 | Crypt:3  | Found an ancient bone altar of Kikubaaqudgha.
 50464 | Crypt:3  | Got a scorched ring mail
 50475 | Crypt:3  | Identified the +5 ring mail of Okawaru's Supremacy {rElec} (You found it on level 3 of the Crypt)
 51024 | Tomb:1   | Entered Level 1 of the Tomb of the Ancients
 51366 | Tomb:1   | Noticed a greater mummy
 51384 | Tomb:1   | Killed a greater mummy
 51699 | Tomb:1   | Noticed a greater mummy
 51712 | Tomb:1   | Killed a greater mummy
 51914 | Tomb:2   | Noticed a greater mummy
 51917 | Tomb:2   | Noticed a greater mummy
 51917 | Tomb:2   | Noticed a greater mummy
 52153 | Tomb:2   | Noticed a greater mummy
 52166 | Tomb:1   | Killed a greater mummy
 52373 | Tomb:1   | Killed a greater mummy
 52534 | Tomb:1   | Killed a greater mummy
 52534 | Tomb:1   | Reached XP level 23. HP: 196/243 MP: 31/32
 52606 | Tomb:1   | Killed a greater mummy
 52899 | Tomb:2   | Reached skill level 25 in Fighting
 52982 | Tomb:1   | Noticed a greater mummy
 52999 | Tomb:1   | Killed a greater mummy
 53034 | Tomb:1   | Noticed a greater mummy
 53037 | Tomb:1   | Noticed a greater mummy
 53037 | Tomb:1   | Noticed a greater mummy
 53296 | Tomb:2   | Killed a greater mummy
 53502 | Tomb:1   | Killed a greater mummy
 53509 | Tomb:1   | Killed a greater mummy
 53519 | Tomb:1   | Noticed a greater mummy
 53787 | Tomb:1   | Noticed a greater mummy
 54197 | Tomb:1   | Killed a greater mummy
 54205 | Tomb:2   | Killed a greater mummy
 54205 | Tomb:2   | Reached skill level 15 in Dodging
 54221 | Tomb:1   | Noticed a greater mummy
 54225 | Tomb:1   | Noticed a greater mummy
 54232 | Tomb:1   | Killed a greater mummy
 54240 | Tomb:1   | Killed a greater mummy
 54254 | Tomb:1   | Noticed a greater mummy
 54263 | Tomb:1   | Noticed a greater mummy
 54264 | Tomb:1   | Killed a greater mummy
 54275 | Tomb:1   | Killed a greater mummy
 54278 | Tomb:1   | Noticed a greater mummy
 54283 | Tomb:1   | Killed a greater mummy
 54316 | Tomb:1   | Noticed a greater mummy
 54555 | Tomb:1   | Killed a greater mummy
 54614 | Tomb:1   | Noticed a greater mummy
 54631 | Tomb:1   | Killed a greater mummy
 54634 | Tomb:1   | Noticed a greater mummy
 54634 | Tomb:1   | Noticed a greater mummy
 54781 | Tomb:1   | Killed a greater mummy
 54806 | Tomb:1   | Killed a greater mummy
 54957 | Tomb:1   | Noticed a greater mummy
 54960 | Tomb:1   | Noticed a greater mummy
 54968 | Tomb:1   | Noticed a greater mummy
 54968 | Tomb:1   | Killed a greater mummy
 54974 | Tomb:1   | Killed a greater mummy
 54981 | Tomb:1   | Noticed a greater mummy
 54983 | Tomb:1   | Killed a greater mummy
 55000 | Tomb:1   | Killed a greater mummy
 55114 | Tomb:1   | Noticed a greater mummy
 55117 | Tomb:1   | Noticed a greater mummy
 55123 | Tomb:1   | Killed a greater mummy
 55123 | Tomb:1   | Reached XP level 24. HP: 208/241 MP: 32/32
 55708 | Tomb:1   | Killed a greater mummy
 55817 | Tomb:1   | Reached skill level 26 in Fighting
 55848 | Tomb:1   | Noticed a greater mummy
 55897 | Tomb:1   | Killed a greater mummy
 56176 | Tomb:1   | Noticed a greater mummy
 56191 | Tomb:1   | Killed a greater mummy
 56247 | Tomb:1   | Noticed a greater mummy
 56260 | Tomb:1   | Killed a greater mummy
 56711 | Tomb:3   | Entered Level 3 of the Tomb of the Ancients
 56957 | Tomb:3   | Noticed an ancient lich
 56958 | Tomb:3   | Noticed a greater mummy
 57084 | Tomb:3   | Noticed a greater mummy
 57219 | Tomb:3   | Noticed an ancient lich
 57219 | Tomb:3   | Noticed a greater mummy
 57310 | Tomb:3   | Noticed a greater mummy
 57320 | Tomb:2   | Killed an ancient lich
 57483 | Tomb:3   | Noticed an ancient lich
 57588 | Tomb:2   | Killed a greater mummy
 57882 | Tomb:3   | Noticed a greater mummy
 57891 | Tomb:2   | Killed a greater mummy
 58176 | Tomb:2   | Killed an ancient lich
 58216 | Tomb:3   | Noticed a greater mummy
 58353 | Tomb:2   | Killed a greater mummy
 58464 | Tomb:2   | Killed an ancient lich
 58474 | Tomb:2   | Killed a greater mummy
 58951 | Tomb:2   | Killed a greater mummy
 59072 | Tomb:3   | Killed a greater mummy
 59096 | Tomb:3   | Noticed Sojobo
 59139 | Tomb:3   | Killed Sojobo
 59139 | Tomb:3   | Reached XP level 25. HP: 248/273 MP: 31/33
 59144 | Tomb:3   | Reached skill level 27 in Fighting
 59229 | Tomb:3   | Reached XP level 26. HP: 285/285 MP: 34/34
 59245 | Tomb:3   | Got a jewelled dire flail
 59253 | Tomb:3   | Identified the +3 dire flail of the Eternal Warrior {crush, rElec rF+ rN+ Str-3 Stlth-} (You found it on level 3 of the Tomb of the Ancients)
 59256 | Tomb:3   | Got a clouded turquoise ring
 59258 | Tomb:3   | Identified a ring "Sieraah" {-Cast rF+ rC+ Slay+3} (You found it on level 3 of the Tomb of the Ancients)
 59261 | Tomb:3   | Got a brightly glowing platinum ring
 59263 | Tomb:3   | Identified the ring "Daschu" {rC+ Str-2 Dex+6} (You found it on level 3 of the Tomb of the Ancients)
 59265 | Tomb:3   | Got a faintly glowing dire flail
 59266 | Tomb:3   | Identified the +6 dire flail "Undertaker" {crush, rC- MP+9 Int+4} (You found it on level 3 of the Tomb of the Ancients)
 59502 | Tomb:3   | Identified a +1 pair of boots of running (You found it on level 3 of the Tomb of the Ancients)
 59562 | Tomb:3   | Got a golden rune of Zot
 60467 | Depths:1 | Entered Level 1 of the Depths
 60929 | Depths:1 | Found an iron altar of Okawaru.
 61056 | Depths:1 | Got a transparent copper amulet
 61063 | Depths:1 | Identified the amulet "Oshouteg" {rMut MP+9} (You found it on level 1 of the Depths)
 62520 | Depths:1 | Found a corrupted altar of Lugonu.
 62521 | Depths:1 | Found a one-way gate to the infinite horrors of the Abyss.
 62702 | Depths:1 | Found a gateway to Hell.
 62871 | Depths:2 | Found a gateway to a ziggurat.
 62925 | Depths:2 | Noticed Jorgrun
 62935 | Depths:2 | Killed Jorgrun
 63024 | Depths:2 | Noticed Aizul
 63034 | Depths:2 | Killed Aizul
 63140 | Depths:2 | Reached XP level 27. HP: 209/293 MP: 29/35
 63598 | Depths:3 | Found a one-way gate leading to the halls of Pandemonium.
 64104 | Depths:3 | Gained mutation: You are partially covered in slimy green scales (AC +2). [potion of beneficial mutation]
 65105 | Depths:4 | Noticed Margery
 65119 | Depths:4 | Killed Margery
 65672 | Depths:5 | Entered Level 5 of the Depths
 65780 | Depths:5 | Found a radiant altar of Vehumet.
 65780 | Depths:5 | Found an opulent altar of Gozag.
 65780 | Depths:5 | Found a glowing golden altar of the Shining One.
 65941 | Depths:5 | Noticed Jory
 65951 | Depths:5 | Killed Jory
 65951 | Depths:5 | Reached skill level 15 in Invocations
 66097 | Depths:5 | Gained mutation: You are dopey. (Int -2) [a neqoxec]
 66162 | Depths:5 | Got a pair of shimmering gloves
 66173 | Depths:5 | Identified the +0 pair of gloves of the Lily {rPois rN++} (You found it on level 5 of the Depths)
 66657 | Depths:5 | Found a gate to the Realm of Zot.
 66960 | Zot:1    | Entered Level 1 of the Realm of Zot
 69342 | Zot:3    | Reached skill level 10 in Evocations
 70661 | Zot:4    | Identified a scroll of acquirement
 70746 | Zot:4    | The Shining One protects you from harm!
 70750 | Zot:4    | HP: 7/297 [white draconian monk (39)]
 70750 | Zot:4    | Slain by a death cob

Action                   |  1- 3 |  4- 6 |  7- 9 | 10-12 | 13-15 | 16-18 | 19-21 | 22-24 | 25-27 || total
-------------------------+-------+-------+-------+-------+-------+-------+-------+-------+-------++-------
Melee: Flail             |    80 |   158 |    25 |       |       |       |       |       |       ||   263
       Spear             |       |       |   353 |   148 |       |       |       |       |       ||   501
       Eveningstar       |       |       |       |   515 |  1769 |  1533 |  1896 |  1242 |  2611 ||  9566
Throw: Throwing net      |       |       |       |     4 |       |       |     2 |       |       ||     6
Invok: Divine Shield     |       |       |       |       |     7 |     4 |    12 |    31 |    20 ||    74
       Summon Divine War |       |       |       |       |       |       |     2 |     7 |     5 ||    14
       Cleansing Flame   |       |       |       |       |       |       |     2 |     3 |       ||     5
Evoke: Deck              |       |       |       |       |       |     5 |     4 |     1 |     3 ||    13
       Wand              |       |       |       |       |       |     1 |     1 |    19 |    13 ||    34
  Use: Potion            |       |     2 |       |     4 |     7 |     8 |     2 |     5 |     3 ||    31
       Scroll            |       |       |     1 |    25 |    18 |    20 |    11 |     9 |    13 ||    97
 Stab: Petrified         |       |       |       |       |     1 |       |       |       |       ||     1
       Distracted        |       |       |       |       |       |     2 |       |       |       ||     2
       Confused          |       |       |       |       |       |     1 |       |       |       ||     1
  Eat: Chunk             |     1 |     6 |     7 |    20 |    38 |    37 |    25 |     2 |    34 ||   170
       Meat ration       |       |       |     1 |       |       |       |       |     4 |       ||     5
       Fruit             |       |       |       |     2 |     2 |     5 |     3 |     3 |     3 ||    18
       Pizza             |       |       |       |     1 |     1 |     1 |     1 |       |     1 ||     5
       Royal jelly       |       |       |       |       |       |       |     5 |     6 |       ||    11
